 Dungeon Crawl Stone Soup version 0.29-a0-512-gf59ac788ac (webtiles) character file.

Game seed: 18374649383910014733

2155 purpskrrrp the Twirler (level 8, -8/67 HPs)
             Began as a Demigod Fighter on May 30, 2022.
             Mangled by a troll (13 damage)
             ... on level 6 of the Dungeon.
             The game lasted 00:25:22 (3629 turns).

purpskrrrp the Twirler (Demigod Fighter)            Turns: 3629, Time: 00:25:23

Health: -8/67      AC: 15    Str: 25    XL:     8   Next: 84%
Magic:  10/10      EV: 11    Int: 10    God:
Gold:   530        SH:  0    Dex: 13    Spells: 7/7 levels left

rFire   + . .      SeeInvis .   j - +4 quarterstaff (chaos)
rCold   . . .      Faith    .   (shield currently unavailable)
rNeg    . . .      Spirit   .   b - +0 scale mail
rPois   +          Reflect  .   (no helmet)
rElec   .          Harm     .   m - +2 cloak "Gerush" {rF+ Will++ Regen+ Stlth+}
rCorr   .          Rampage  .   J - +2 pair of gloves
Will    ++...                   N - +0 pair of boots
Stlth   +.........              n - amulet of regeneration
HPRegen 1.81/turn               l - ring of poison resistance
MPRegen 0.12/turn               (no ring)

@: no status effects
A: high MP 1, forlorn, divine attributes
a: no special abilities


You were on level 6 of the Dungeon.
You visited 1 branch of the dungeon, and saw 6 of its levels.

You collected 530 gold pieces.

Inventory:

Hand Weapons
 a - a +0 war axe
 j - a +4 quarterstaff of chaos (weapon)
 x - a +0 flail
 F - a +0 dire flail
Missiles
 f - 17 poisoned darts
 K - 2 throwing nets
 M - 4 boomerangs
Armour
 b - a +0 scale mail (worn)
 c - a +0 buckler
 g - a +0 cloak
 m - the +2 cloak "Gerush" (worn) {rF+ Will++ Regen+ Stlth+}
   (You found it on level 2 of the Dungeon)

   rF:        It protects you from fire.
   Regen:     It increases your rate of health regeneration.
   Will:      It greatly increases your willpower.
   Stlth:     It makes you more stealthy.
 q - a +0 pair of gloves
 t - a +0 tower shield
 C - a +0 plate armour
 J - a +2 pair of gloves (worn)
 N - a +0 pair of boots (worn)
Jewellery
 l - a ring of poison resistance (left hand)
 n - an amulet of regeneration (around neck)
Wands
 r - a wand of flame (9) (quivered)
 B - a wand of polymorph (5)
Scrolls
 e - a scroll of immolation
 i - 2 scrolls of blinking
 s - a scroll of magic mapping {unknown}
 u - 2 scrolls of enchant weapon {unknown}
 v - 2 scrolls of fear {unknown}
 w - a scroll of silence {unknown}
 y - a scroll of amnesia {unknown}
 A - 2 scrolls of teleportation
 H - a scroll of vulnerability {unknown}
 I - a scroll of poison {unknown}
 L - a scroll of identify
Potions
 d - a potion of might
 h - 2 potions of lignification
 k - a potion of haste
 o - a potion of resistance
 p - 2 potions of flight
 z - a potion of heal wounds {unknown}
 D - 2 potions of curing
 E - a potion of attraction {unknown}
 G - a potion of cancellation {unknown}


   Skills:
 + Level 4.6 Fighting
 + Level 3.2 Axes
 + Level 7.3 Staves
 + Level 0.4 Throwing
 + Level 5.6 Armour
 + Level 2.6 Dodging
 + Level 0.9 Stealth
 + Level 3.3 Shields
 + Level 1.3 Evocations


You had 7 spell levels left.
You didn't know any spells.
Your spell library contained the following spells:

 Spells                   Type           Power      Damage    Failure   Level
 Sandblast                Erth           0%         2d4       63%         1
 Sting                    Tmut/Pois      0%         1d3       63%         1
 Passwall                 Tmut/Erth      0%         N/A       77%         2
 Poisonous Vapours        Pois/Air       0%         N/A       77%         2
 Stone Arrow              Conj/Erth      0%         3d7       94%         3
 Fulminant Prism          Conj/Hex       0%         3d6       100%        4
 Iskenderun's Mystic Bla  Conj/Tloc      0%         2d3       100%        4
 Olgreb's Toxic Radiance  Pois           0%         N/A       100%        4
 Lee's Rapid Deconstruct  Erth           0%         3d5*      100%        5


Dungeon Overview and Level Annotations

Branches:
Dungeon (6/15)
 Temple: D:4-7

Annotations:
D:6 4 runed translucent doors


Innate Abilities, Weirdness & Mutations

You have an increased reservoir of magic. (+10% MP)
You shall have no god before yourself.
Your divine heritage dramatically boosts your attributes as you level up.


Message History

You sock something!
Nothing appears to happen.
You miss something. Something hits you but does no damage.
You miss something.
A sky beast appears from thin air!
Reactivating autopickup.
The sky beast barely misses you.
You hit the sky beast.
The sky beast is severely wounded.
The sky beast flickers out of sight!
Deactivating autopickup; reactivate with Ctrl-A.
Something hits you. Something shocks you.
You sock something!
Reactivating autopickup.
You feel a bit more experienced.
Found a scroll of identify.
A troll comes into view.
The troll shouts!
Found a weird runed staff.
You see here a scroll of identify.
You closely miss the troll. The troll closely misses you.
The troll claws you but does no damage. The troll claws you.
You closely miss the troll. The troll bites you. The troll claws you.
The troll claws you but does no damage.
You sock the troll!
The troll is poisoned.
The troll is moderately wounded.
The troll bites you.
The troll claws you but does no damage. x2
You sock the troll!
The troll seems to grow stronger.
The troll is severely wounded.
The troll bites you!! The troll claws you.
The troll claws you but does no damage.
You hit the troll.
The troll goes berserk!
The troll is severely wounded.
The troll bites you! The troll misses you. The troll closely misses you.
The troll bites you but does no damage. The troll claws you!
The troll completely misses you.
You thump the troll! You freeze the troll.
The troll is almost dead.
The troll bites you!!
* * * LOW HITPOINT WARNING * * *
The troll claws you!
You die...

..# ..# ++# ... ..# ##8..8##..
..## #8....8#.# ...#
#$....|#.. ...######
#:....?#.. ##########..##...|#
#8$...8#..
#...........#@T#######8K.8##..
#.....<..##.#.##.#.(.##++##...
#...........#.#.#..#........#.
#.....†..##.#.####)#.....####.
#######.###.##....##.##### #..
...####.# #..######..# ####..
##....#.####........## ##.....
............#####.#.# ##......
..#.................###.......


You could see a troll (berserk, strong, very poisoned).

Vanquished Creatures
  A culicivora (shapeshifter) (D:6)
  2 water moccasins
  A sky beast (D:6)
  2 ice beasts
  An orc warrior (D:4)
  An ogre (D:6)
  The ghost of spaghetti the Sneak, an amateur OpCK of Xom (D:3)
  A bullfrog (D:6)
  3 necrophages
  4 scorpions
  A howler monkey (D:4)
  4 orc priests
  5 hounds
  A jelly (D:6)
  Crazy Yiuf (D:2)
  2 iguanas
  5 orc wizards
  9 adders
  5 gnolls
  A shadow imp (D:6)
  An ufetubus (D:5)
  4 worms
  2 dart slugs
  16 orcs
  4 ball pythons
  2 endoplasms
  A giant cockroach (D:4)
  5 goblins
  5 hobgoblins
  2 jackals (D:1)
  5 kobolds
  5 quokkas (D:2)
  8 bats
  2 frilled lizards
  5 rats
118 creatures vanquished.

Vanquished Creatures (others)
  5 toadstools (D:1)
5 creatures vanquished.

Grand Total: 123 creatures vanquished

Notes
Turn   | Place    | Note
-------+----------+-------------------------------------------
     0 | D:1      | purpskrrrp the Demigod Fighter began the quest for the Orb.
     0 | D:1      | Reached XP level 1. HP: 18/18 MP: 3/3
   223 | D:1      | Reached XP level 2. HP: 20/25 MP: 4/4
   575 | D:2      | Identified the +2 cloak "Gerush" {rF+ Will++ Regen+ Stlth+}
   705 | D:2      | Reached XP level 3. HP: 29/30 MP: 5/5
   713 | D:2      | Found a runed translucent door.
   714 | D:2      | Noticed Crazy Yiuf
   969 | D:2      | Reached XP level 4. HP: 38/38 MP: 6/6
  1368 | D:2      | Killed Crazy Yiuf
  1554 | D:3      | Reached XP level 5. HP: 41/45 MP: 7/7
  1612 | D:3      | Reached skill level 1 in Dodging
  1630 | D:3      | Found a runed translucent gate.
  1630 | D:3      | Found a runed translucent gate.
  1630 | D:3      | Found a runed translucent gate.
  1632 | D:3      | Noticed an ice beast
  1632 | D:3      | Noticed spaghetti's ghost (amateur OpCK)
  2019 | D:3      | Reached skill level 1 in Staves
  2028 | D:3      | Killed an ice beast
  2029 | D:3      | Reached skill level 2 in Staves
  2042 | D:3      | Killed spaghetti's ghost
  2043 | D:3      | Reached XP level 6. HP: 45/51 MP: 8/8
  2155 | D:4      | Reached skill level 3 in Staves
  2290 | D:4      | Reached XP level 7. HP: 51/56 MP: 9/9
  2292 | D:4      | Reached skill level 4 in Staves
  2546 | D:4      | Reached skill level 5 in Staves
  2610 | D:5      | Entered Level 5 of the Dungeon
  2799 | D:5      | Reached skill level 5 in Armour
  2799 | D:5      | Reached XP level 8. HP: 62/66 MP: 10/10
  3331 | D:6      | Reached skill level 6 in Staves
  3393 | D:6      | Found a large runed translucent door.
  3393 | D:6      | Found a large runed translucent door.
  3544 | D:6      | Reached skill level 7 in Staves
  3566 | D:6      | Found a large runed translucent door.
  3567 | D:6      | Found a large runed translucent door.
  3573 | D:6      | Noticed a kobold demonologist
  3589 | D:6      | Reached skill level 1 in Evocations
  3622 | D:6      | Noticed a troll
  3629 | D:6      | Mangled by a troll

Illustrated notes

Levels and vault maps discovered:
D:1:      ldierk_walled_garden, layout_rooms,
          hellmonk_ecumenical_altar_pennies_from_heaven
D:2:      layout_loops_ring, grunt_ministairs_10, uniq_crazy_yiuf_cottage
D:3:      layout_basic, ebering_ghost_gozag, kennysheep_generic_room_5
D:4:      layout_rooms, lemuel_crystal_altar, guppyfry_early_orc_mine
D:5:      layout_gridville, lemuel_tele_altar
D:6:      layout_rooms, makhleb_grotto_becter, mainiacjoe_overflow_catwalk,
          minmay_hollow_rounded_squares

Skill      XL: |  1  2  3  4  5  6  7  8 |
---------------+-------------------------+-----
Shields        | 3 |  3.3
Axes           | 2 3 |  3.2
Armour         | 3 4 5 |  5.6
Fighting       | 3 4 |  4.6
Dodging        | 1 2 |  2.6
Staves         | 2 3 5 7 |  7.3
Evocations     | 1 |  1.3
Throwing       | |  0.4
Stealth        | |  0.9

Action                   |  1- 3 |  4- 6 |  7- 9 || total
-------------------------+-------+-------+-------++-------
Melee: War axe           |    92 |    12 |       ||   104
       Quarterstaff      |       |   107 |   180 ||   287
Throw: Dart              |    20 |       |       ||    20
Evoke: Wand              |       |     1 |     4 ||     5
  Use: Scroll            |       |     8 |       ||     8
       Potion            |       |     2 |       ||     2
 Stab: Paralysed         |       |       |     1 ||     1
Armor: Scale mail        |    72 |    93 |   104 ||   269
Dodge: Dodged            |    75 |    82 |   111 ||   268
Block: Buckler           |    25 |     4 |       ||    29

Table legend: (Time is in decaauts)
 A = Elapsed time spent in this place.
 B = Non-inter-level travel time spent in this place.
 C = Inter-level travel time spent in this place.
 D = Time resting spent in this place.
 E = Time spent auto-exploring this place.
 F = Levels seen in this place.
 G = Mean time per level.
                   A        B        C        D        E       F      G
               +--------+--------+--------+--------+--------+-----+--------+
         Total |   3706 |   3192 |    514 |     49 |   2107 |   6 |  617.7 |
       Dungeon |   3706 |   3192 |    514 |     49 |   2107 |   6 |  617.7 |
               +--------+--------+--------+--------+--------+-----+--------+

Top non-repeatable levels by time:
     D:2: 921 daAuts
     D:3: 719 daAuts
     D:5: 708 daAuts
     D:1: 543 daAuts
     D:4: 503 daAuts
     D:6: 309 daAuts
